 Dungeon Crawl Stone Soup version 0.29.1-15-g9cfb28693d (webtiles) character file.

Game seed: 15422112478829668525

114 Heoruswealwe the Caller (level 4, -2/24 HPs)
             Began as a Deep Elf Summoner on Mar 3, 2023.
             Slain by a hobgoblin
             ... wielding the +11 trident of the Cursing Mosquito {freeze, Int+2}
              (16 damage)
             ... on level 3 of the Dungeon.
             The game lasted 00:34:02 (3084 turns).

Heoruswealwe the Caller (Deep Elf Summoner)         Turns: 3084, Time: 00:34:04

Health: -2/24      AC:  2    Str:  5    XL:     4   Next: 67%
Magic:  13/13      EV: 12    Int: 22    God:
Gold:   141        SH:  0    Dex: 15    Spells: 9/13 levels left

rFire   . . .      SeeInvis .   p - +0 short sword
rCold   . . .      Faith    .   (no shield)
rNeg    . . .      Spirit   .   q - +0 robe
rPois   .          Reflect  .   (no helmet)
rElec   .          Harm     .   (no cloak)
rCorr   .          Rampage  .   (no gloves)
Will    .....                   (no boots)
Stlth   ++........              n - amulet of magic regeneration
HPRegen 0.08/turn               (no ring)
MPRegen 0.53/turn               (no ring)

@: lethally poisoned (-2 -> -3)
A: no striking features
a: no special abilities


You were on level 3 of the Dungeon.
You visited 1 branch of the dungeon, and saw 3 of its levels.

You collected 144 gold pieces.
You donated 3 gold pieces to Zin.

Inventory:

Hand Weapons
 c - a +0 whip
 e - a +0 mace
 f - a +0 club
 h - a +0 dagger
 l - a +0 club
 m - a +0 whip
 o - a +0 dagger
 p - a +0 short sword (weapon)
 s - a +0 dagger
 u - a +0 dagger
 v - a +0 whip
 w - a +0 short sword
 x - a +0 club
 A - a +0 hand axe
 B - a +0 dagger
 C - a +0 sling
 D - a +0 whip
 E - a +0 club
 G - a +0 club
 I - a +0 club
Missiles
 i - 26 stones
 K - 6 large rocks
Armour
 a - a +0 robe
 d - a +0 ring mail
 k - a +0 scale mail
 q - a +0 robe (worn)
 r - a +0 chain mail
 F - a +0 robe
 J - a +0 ring mail
Jewellery
 j - an amulet of guardian spirit
 n - an amulet of magic regeneration (around neck)
Scrolls
 g - 3 scrolls of immolation
 y - a scroll of enchant weapon
 z - 2 scrolls of vulnerability
Potions
 b - 3 potions of magic
 t - a potion of curing
 H - a potion of might


   Skills:
 - Level 2.4 Dodging
 - Level 2.4 Stealth
 + Level 5.2 Spellcasting
 + Level 5.6 Summonings


You had 9 spell levels left.
You knew the following spells:

 Your Spells              Type           Power      Damage    Failure   Level
a - Summon Small Mammal   Summ           100%       N/A       1%          1
b - Call Canine Familiar  Summ           30%        N/A       3%          3

Your spell library contained the following spells:

 Spells                   Type           Power      Damage    Failure   Level
 Call Imp                 Summ           30%        N/A       1%          2
 Summon Guardian Golem    Hex/Summ       18%        N/A       10%         3
 Summon Lightning Spire   Summ/Air       18%        N/A       30%         4
 Fulminant Prism          Conj/Hex       2%         3d6       69%         4
 Iskenderun's Mystic Bla  Conj/Tloc      5%         2d3       69%         4
 Lee's Rapid Deconstruct  Erth           2%         3d6*      95%         5


Dungeon Overview and Level Annotations

Branches:
Dungeon (3/15)

Altars:
Zin

Shops:
D:2 [=(?


Message History

A worm comes into view.
Found 6 stones.
There is an open door here.
Your hound bites the worm!
You hear an angry hiss.
An adder comes into view.
Your hound bites the worm.
The worm dies!
A hobgoblin comes into view.
Your hound barely misses the adder.
The adder misses you.
Your hound barely misses the adder.
There is an open door here.
You closely miss the adder. You punch the adder.
The adder is moderately wounded.
The adder barely misses you.
Your hound closely misses the adder.
The adder bites you.
You are poisoned.
The adder poisons you!
Your hound misses the adder. You hit the adder.
The adder is heavily wounded.
You feel sick.
Your hound bites the adder.
The adder barely misses your hound.
You miss the adder.
The adder is heavily wounded.
You feel sick.
Your hound bites the adder but does no damage.
The adder bites your hound but does no damage.
The hobgoblin closely misses you.
Your hound completely misses the adder.
The adder completely misses your hound.
You closely miss the adder.
The adder is heavily wounded.
You feel sick.
Your hound bites the adder.
The hobgoblin barely misses you. The adder bites your hound.
Your hound is poisoned.
The adder poisons your hound!
Your hound misses the adder. You barely miss the adder.
The adder is almost dead.
You feel sick.
The hobgoblin hits you from afar with the +11 trident of the Cursing Mosquito {freeze, Int+2}!
Ouch! That really hurt!
You die...

####.....(.## #......
............####....####
†..........+...........
..#.........####....####
.........# ##..##
#.....# ##.# #gh.# #.#
##S## #.# #@# #.# #.#
#.# ##.## #.#
##...#########.#
..##..............#
#.......#.#########
...####.#.## ## #####


You could see an adder (ally target), a hobgoblin and a friendly hound
(summoned, poisoned).

Vanquished Creatures
  3 bats
  An endoplasm (D:3)
  A hobgoblin (D:3)
  A kobold (D:1)
  2 rats (D:1)
8 creatures vanquished.

Vanquished Creatures (collateral kills)
  A hound (D:2)
  2 adders (D:2)
  2 worms (D:3)
  2 dart slugs
  2 endoplasms (D:1)
  4 giant cockroaches
  6 goblins
  5 hobgoblins
  3 quokkas
  4 ball pythons
  2 bats
  4 frilled lizards
  6 kobolds
  5 rats
48 creatures vanquished.

Vanquished Creatures (others)
  16 demonic plants (D:1)
  14 fungi (D:1)
  11 plants (D:1)
  9 withered plants (D:1)
50 creatures vanquished.

Grand Total: 106 creatures vanquished

Notes
Turn   | Place    | Note
-------+----------+-------------------------------------------
     0 | D:1      | Heoruswealwe the Deep Elf Summoner began the quest for the
                  | Orb.
     0 | D:1      | Reached XP level 1. HP: 10/10 MP: 6/6
   134 | D:1      | Found a faded altar of an unknown god.
   293 | D:1      | Prayed at the altar of an unknown god.
   293 | D:1      | Became a worshipper of Zin the Law-Giver
   293 | D:1      | Reached * piety under Zin
   295 | D:1      | Fell from the grace of Zin
   570 | D:1      | Reached XP level 2. HP: 15/15 MP: 5/8
   742 | D:1      | Reached XP level 3. HP: 19/19 MP: 10/10
   779 | D:1      | Learned a level 3 spell: Call Canine Familiar
   861 | D:1      | Reached skill level 5 in Summonings
  1266 | D:2      | Found Tudwoj's Armour Boutique.
  1454 | D:2      | Found Femeur's Magic Scroll Boutique.
  1755 | D:2      | Reached XP level 4. HP: 24/24 MP: 12/12
  1773 | D:2      | Found Lush's Weapon Emporium.
  2129 | D:2      | Found Jycirura's Jewellery Emporium.
  2186 | D:2      | Reached skill level 5 in Spellcasting
  3079 | D:3      | Identified the +11 trident of the Cursing Mosquito {freeze,
                  | Int+2}
  3084 | D:3      | Slain by a hobgoblin

Illustrated notes

Levels and vault maps discovered:
D:1:      wander_arrival_desolate, layout_rooms, shapermc_ecumenical_altar_gd,
          amcnicky_mini_corridor_feature
D:2:      layout_loops_corners, serial_shops, shop,
          nicolae_shop_bloodbath_and_beyond, shop, nicolae_diamond_shop,
          kennysheep_generic_room_2
D:3:      layout_loops_corners, nicolae_ru_great_annihilating_truth,
          minmay_misc_feat_ornament, st_stairs_11, kennysheep_small_spiral,
          uniq_robin

Skill      XL: |  1  2  3  4 |
---------------+-------------+-----
Spellcasting   | 4 5 |  5.2
Summonings     | 5 |  5.6
Dodging        | |  2.4
Stealth        | |  2.4

Action                   |  1- 3 |  4- 6 || total
-------------------------+-------+-------++-------
Melee: Whip              |   223 |       ||   223
       Unarmed           |    10 |       ||    10
       Punch             |     5 |     1 ||     6
       Short sword       |     1 |    26 ||    27
 Cast: Summon Small Mamm |    18 |     1 ||    19
       Call Canine Famil |     5 |     7 ||    12
Invok: Renounce Religion |     1 |       ||     1
  Use: Scroll            |     5 |       ||     5
       Potion            |       |     2 ||     2
Armor: Robe              |    20 |    10 ||    30
Dodge: Dodged            |    34 |    17 ||    51
